 Dungeon Crawl Stone Soup version 0.28-a0-1206-g193881aaa2 (webtiles) character file.

Game seed: 17077214828369921027

217 Armakuni the Conjurer (level 6, -1/41 HPs)
             Began as a Human Conjurer on Dec 20, 2021.
             Slain by an ufetubus (2 damage)
             ... on level 4 of the Dungeon.
             The game lasted 00:06:28 (2885 turns).

Armakuni the Conjurer (Human Conjurer)              Turns: 2885, Time: 00:06:29

Health: -1/41      AC:  9    Str:  9    XL:     6   Next: 16%
Magic:  6/12       EV: 10    Int: 19    God:
Gold:   66         SH:  0    Dex: 11    Spells: 7/13 levels left

rFire   . . .      SeeInvis .   a - +1 dagger (vorpal)
rCold   . . .      Faith    .   (no shield)
rNeg    . . .      Spirit   .   g - +0 ring mail
rPois   .          Reflect  .   (no helmet)
rElec   .          Harm     .   h - +2 cloak
rCorr   .          Rampage  .   d - +0 pair of gloves
Will    .....                   (no boots)
Stlth   +.........              (no amulet)
HPRegen 0.13/turn               (no ring)
MPRegen 0.13/turn               (no ring)

@: no status effects
A: no striking features
a: no special abilities


You were on level 4 of the Dungeon.
You visited 1 branch of the dungeon, and saw 4 of its levels.

You collected 66 gold pieces.

Inventory:

Hand Weapons
 a - a +1 vorpal dagger (weapon)
 b - a +3 quarterstaff of chaos
Missiles
 e - 5 boomerangs
Armour
 d - a +0 pair of gloves (worn)
 f - a +0 scale mail
 g - a +0 ring mail (worn)
 h - a +2 cloak (worn)
Jewellery
 c - a +6 ring of strength
Wands
 v - a wand of flame (16)


   Skills:
 - Level 2.0 Dodging
 - Level 2.0 Stealth
 + Level 4.1 Spellcasting
 + Level 5.6 Conjurations


You had 7 spell levels left.
You knew the following spells:

 Your Spells              Type           Power      Damage    Failure   Level
m - Iskenderun's Mystic   Conj/Tloc      14%        2d5       75%         4
z - Searing Ray           Conj           50%        2d6       5%          2

Your spell library contained the following spells:

 Spells                   Type           Power      Damage    Failure   Level
 Magic Dart               Conj           100%       1d8       3%          1
 Dazzling Flash           Conj/Hex       28%        N/A       34%         3
 Fulminant Prism          Conj/Hex       7%         3d7       75%         4


Dungeon Overview and Level Annotations

Branches:
Dungeon (4/15)
 Temple: D:4-7

Altars:
Dithmenos
Nemelex Xobeh


Message History

Press: ? - help, Shift-Dir - straight line, f - ogre
Aim: an ogre, wielding a +0 giant club (heavily wounded, 85% to hit)
The puff of flame hits the ogre.
The ogre is heavily wounded.
You feel sick.
You are no longer poisoned.
The ufetubus hits you. The ufetubus barely misses you.
The ogre hits you with a +0 giant club!
The ufetubus hits you but does no damage.
The ufetubus barely misses you.
Aiming: Throw Flame
Press: ? - help, Shift-Dir - straight line, f/p - ogre
Aim: an ogre, wielding a +0 giant club (heavily wounded, 85% to hit)
The puff of flame hits the ogre.
The ogre is almost dead.
The ufetubus barely misses you. The ufetubus hits you.
* * * LOW HITPOINT WARNING * * *
The endoplasm hits you but does no damage.
The ogre closely misses you.
Aiming: Throw Flame
Press: ? - help, Shift-Dir - straight line, f/p - ogre
Aim: an ogre, wielding a +0 giant club (almost dead, 85% to hit)
The puff of flame hits the ogre!
You kill the ogre!
The ufetubus hits you but does no damage.
The ufetubus closely misses you. The endoplasm freezes you.
You are frozen.
* * * LOW HITPOINT WARNING * * *
The ufetubus barely misses you.
The ufetubus hits you but does no damage.
Your Spellcasting skill increases to level 4!
You have reached level 6!
You aren't carrying any potions.
The goblin unwields a +0 hunting sling.
The goblin wields a +0 club.
The goblin misses you. The ufetubus hits you.
* * * LOW HITPOINT WARNING * * *
The ufetubus hits you.
You die...

...######.#.##
............###
#[...##......#
###....#.##(...
###....# ##.
##.#)#####...
#[#Z......#
#####.#g#####+#
#......Z5@#
#.....!.J.#
#.........#
###########


You could see an ufetubus, an endoplasm, a goblin and a jackal skeleton.

Vanquished Creatures
  An ogre (D:4)
  Crazy Yiuf (D:2)
  Terence (D:2)
  An adder (D:4)
  3 gnolls (D:2)
  4 endoplasms
  A giant cockroach (D:1)
  6 goblins
  3 hobgoblins (D:1)
  7 jackals
  2 quokkas
  2 ball pythons (D:1)
  2 bats
  3 frilled lizards
  4 kobolds
41 creatures vanquished.

Notes
Turn   | Place    | Note
-------+----------+-------------------------------------------
     0 | D:1      | Armakuni the Human Conjurer began the quest for the Orb.
     0 | D:1      | Reached XP level 1. HP: 13/13 MP: 3/3
   276 | D:1      | Reached XP level 2. HP: 8/19 MP: 1/5
   464 | D:1      | Found a faded altar of an unknown god.
   477 | D:1      | Learned a level 2 spell: Searing Ray
  1077 | D:1      | Reached XP level 3. HP: 24/24 MP: 3/6
  1839 | D:2      | HP: 1/24 [gnoll (13)]
  1866 | D:2      | Reached XP level 4. HP: 30/30 MP: 0/8
  1995 | D:2      | Learned a level 4 spell: Iskenderun's Mystic Blast
  2010 | D:2      | Found a sparkling altar of Nemelex Xobeh.
  2351 | D:2      | Found a runed translucent door.
  2351 | D:2      | Noticed Terence
  2356 | D:2      | Killed Terence
  2357 | D:2      | Reached skill level 5 in Conjurations
  2357 | D:2      | Noticed Crazy Yiuf
  2455 | D:2      | Killed Crazy Yiuf
  2456 | D:2      | Reached XP level 5. HP: 28/35 MP: 0/10
  2780 | D:3      | Found a shadowy altar of Dithmenos.
  2842 | D:4      | Noticed an ogre
  2883 | D:4      | Killed an ogre
  2884 | D:4      | Reached XP level 6. HP: 4/41 MP: 6/12
  2885 | D:4      | HP: 1/41 [ufetubus (3)]
  2885 | D:4      | Slain by an ufetubus

Illustrated notes

Levels and vault maps discovered:
D:1:      dpeg_arrival_short_road, layout_rooms, ebering_ecumenical_altar_webs,
          chequers_serial_rivers_micro_b, nrook_mini_backslash,
          minmay_tetromino_l4
D:2:      layout_loops_ring, basic_altar, uniq_crazy_yiuf_cottage, uniq_terence
D:3:      minmay_skewed_foursquare, layout_loops_corners,
          general_overflow_altar, minmay_misc_feat_enclosed
D:4:      layout_rooms, gammafunk_temple_overflow_statue, minmay_misc_feat_roman

Skill      XL: |  1  2  3  4  5 |
---------------+----------------+-----
Spellcasting   | 3 4 |  4.1
Conjurations   | 5 |  5.6
Dodging        | |  2.0
Stealth        | |  2.0

Action                   |  1- 3 |  4- 6 || total
-------------------------+-------+-------++-------
Melee: Dagger            |    26 |     3 ||    29
       Unarmed           |     6 |       ||     6
 Cast: Magic Dart        |    14 |       ||    14
       Searing Ray       |    18 |    10 ||    28
Evoke: Wand              |       |     5 ||     5
  Use: Scroll            |     5 |     2 ||     7
       Potion            |     1 |     2 ||     3
Armor: Robe              |     6 |       ||     6
       Skin              |       |     4 ||     4
       Ring mail         |       |    19 ||    19
Dodge: Dodged            |    25 |    26 ||    51

Table legend: (Time is in decaauts)
 A = Elapsed time spent in this place.
 B = Non-inter-level travel time spent in this place.
 C = Inter-level travel time spent in this place.
 D = Time resting spent in this place.
 E = Time spent auto-exploring this place.
 F = Levels seen in this place.
 G = Mean time per level.
                   A        B        C        D        E       F      G
               +--------+--------+--------+--------+--------+-----+--------+
         Total |   2885 |   2812 |     73 |   1002 |   1196 |   4 |  721.2 |
       Dungeon |   2885 |   2812 |     73 |   1002 |   1196 |   4 |  721.2 |
               +--------+--------+--------+--------+--------+-----+--------+

Top non-repeatable levels by time:
     D:1: 1343 daAuts
     D:2: 1336 daAuts
     D:3: 162 daAuts
     D:4: 42 daAuts
